 Seeded DCSS version 0.29.0-13-gc9e81de378 (webtiles) character file.

Game seed: 10688733942436828041 (custom seed)

9621 NinjaNoafa the Chiller (level 11, -2/74 HPs)
             Began as a Yellow Draconian Ice Elementalist on Sept 8, 2022.
             Was an Elder of Vehumet.
             Slain by Erolcha
             ... wielding a +7 giant club
              (23 damage)
             ... on level 11 of the Dungeon.
             The game lasted 00:39:01 (13136 turns).

NinjaNoafa the Chiller (DrIE)                      Turns: 13136, Time: 00:39:03

Health: -2/74      AC: 17    Str: 13    XL:     11   Next: 25%
Magic:  33/36      EV: 12    Int: 22    God:    Vehumet [****..]
Gold:   634        SH: 12    Dex: 11    Spells: 3/20 levels left

rFire   . . .      SeeInvis .   L - staff of air
rCold   + . .      Faith    .   u - +3 kite shield {AC+3}
rNeg    + + .      Spirit   .   (body armour unavailable)
rPois   +          Reflect  .   a - +2 hat of Life {rN+ MP+9}
rElec   +          Harm     .   j - +2 cloak {Will+}
rCorr   +          Rampage  .   G - +1 pair of gloves
Will    ++++.      Clarity  +   (no boots)
Stlth   +++.......              y - amulet of the Four Winds {rN+ Will+++ Clar}
HPRegen 0.22/turn               b - ring of magical power
MPRegen 0.25/turn               f - ring of protection from cold

@: about to teleport, short of breath
A: spit acid, AC +7, unfitting armour, cold-blooded, acid resistance, clever 1,
poison resistance, strong 1
a: Breathe Acid, Renounce Religion


You were on level 11 of the Dungeon.
You worshipped Vehumet.
Vehumet was greatly pleased with you.
You visited 2 branches of the dungeon, and saw 12 of its levels.
You also visited: Sewer.

You collected 634 gold pieces.

Inventory:

Hand Weapons
 H - the +6 long sword of Benevolence {vorpal, rN+ Will+ SInv Stlth-}
   (You found it on level 9 of the Dungeon)

   It inflicts extra damage upon your enemies.
   rN:        It protects you from negative energy.
   SInv:      It lets you see invisible.
   Will:      It increases your willpower.
   Stlth:     It makes you less stealthy.
 O - the +10 quarterstaff "Qafeiz" {pain, rPois rCorr Str+7}
   (You found it on level 11 of the Dungeon)

   In the hands of one skilled in necromantic magic, it inflicts extra damage on
   living creatures.
   Str:       It affects your strength (+7).
   rPois:     It protects you from poison.
   rCorr:     It protects you from acid and corrosion.
Missiles
 e - 24 poisoned darts
 i - 108 stones
 q - 3 curare-tipped darts
 B - 9 boomerangs
Armour
 a - the +2 hat of Life (worn) {rN+ MP+9}
   (You acquired it on level 2 of the Dungeon)

   rN:        It protects you from negative energy.
   MP:        It affects your magic capacity (+9).
 j - a +2 cloak of willpower (worn)
 u - a +3 kite shield of protection (worn)
 G - a +1 pair of gloves (worn)
Magical Staves
 L - a staff of air (weapon)
Jewellery
 b - a ring of magical power (left hand)
 f - a ring of protection from cold (right hand)
 l - a ring of willpower
 v - a ring of flight
 y - the amulet of the Four Winds (around neck) {rN+ Will+++ Clar}
   (You found it on level 4 of the Dungeon)

   [amulet of nothing]

   rN:        It protects you from negative energy.
   Clar:      It protects you against confusion.
   Will:      It greatly increases your willpower.
 A - an amulet of reflection
Wands
 o - a wand of roots (24)
 s - a wand of charming (14)
 E - a wand of light (17)
 F - a wand of mindburst (22)
 I - a wand of flame (14)
 N - a wand of polymorph (3)
Scrolls
 d - 3 scrolls of teleportation
 r - 3 scrolls of identify
 t - a scroll of summoning
 w - 2 scrolls of vulnerability
 x - a scroll of poison
 K - a scroll of magic mapping
 M - 2 scrolls of immolation
Potions
 c - 6 potions of curing
 g - 2 potions of haste
 h - 3 potions of lignification
 k - 2 potions of heal wounds
 m - 3 potions of mutation
 n - a potion of magic
 p - a potion of attraction
 z - 3 potions of might
 C - a potion of flight
 D - 3 potions of cancellation
 J - a potion of ambrosia


   Skills:
 - Level 5.0 Dodging
 - Level 5.0 Stealth
 - Level 7.0 Shields
 - Level 5.0 Spellcasting
 + Level 6.3 Conjurations
 + Level 6.3 Fire Magic
 - Level 7.4 Ice Magic
 + Level 6.3 Air Magic
 - Level 5.0 Evocations


You had 3 spell levels left.
You knew the following spells:

 Your Spells              Type           Power      Damage    Failure   Level
a - Freeze                Ice            100%       1d11      1%          1
b - Frozen Ramparts       Ice            76%        1d12      1%          3
c - Ozocubu's Armour      Ice            38%        N/A       3%          3
d - Shock                 Conj/Air       100%       1d9       1%          1
e - Static Discharge      Conj/Air       50%        3-10/arc  1%          2
f - Call Canine Familiar  Summ           5%         N/A       61%         3
g - Sticky Flame          Conj/Fire      33%        2d5       5%          4

Your spell library contained the following spells:

 Spells                   Type           Power      Damage    Failure   Level
 Summon Small Mammal      Summ           20%        N/A       26%         1
 Summon Guardian Golem    Hex/Summ       5%         N/A       61%         3
 Hailstorm                Conj/Ice       35%        3d9       4%          4


Dungeon Overview and Level Annotations

Branches:
Dungeon (11/15)            Temple (1/1) D:5           Sewer (visited)
   Lair: D:8-11         Orc: D:9-12

Altars:
Ashenzari
Cheibriados
Dithmenos
Elyvilon
Fedhas
Gozag
Hepliaklqana
Kikubaaqudgha
Makhleb
Nemelex Xobeh
Okawaru
Qazlal
Ru
Sif Muna
Trog
Uskayaw
Vehumet
Wu Jian
Xom
Yredelemnul
Zin
The Shining One

Annotations:
D:11 Erolcha


Innate Abilities, Weirdness & Mutations

You can spit globs of acid.
Your golden yellow scales are hard. (AC +7)
You cannot fit into any form of body armour.
You are cold-blooded and may be slowed by cold attacks.
You are resistant to acid. (rCorr)
Your mind is acute. (Int +4, Str/Dex -1)
Your system is resistant to poisons. (rPois)
Your muscles are strong. (Str +4, Int/Dex -1)


Message History

You feel a surge of power!
The manticore is struck by an arc of lightning!
The manticore is moderately wounded.
You resist.
You are struck by an arc of lightning.
The manticore is struck by an arc of lightning.
The manticore is moderately wounded.
The lightning grounds out.
A manticore comes into view.
The manticore bites you! The manticore claws you.
You block the manticore's attack.
Casting: Static Discharge (safe; 1% risk of failure)
Confirm with . or Enter, or press ? or * to list all spells.
You feel a surge of power!
Something is struck by an arc of lightning.
You resist.
You are struck by an arc of lightning.
The manticore is struck by an arc of lightning.
The manticore is moderately wounded.
You resist.
You are struck by an arc of lightning.
The lightning grounds out.
The manticore is struck by an arc of lightning.
The manticore is heavily wounded.
You resist.
You are struck by an arc of lightning.
Something is struck by an arc of lightning!
The lightning grounds out.
You block the manticore's attack.
The manticore barely misses you. x2; Something hits you!
* * * LOW HITPOINT WARNING * * *
You feel much better. The manticore bites you!
* * * LOW HITPOINT WARNING * * *
The manticore barely misses you. You block the manticore's attack.
Something hits you!!
* * * LOW HITPOINT WARNING * * *
You feel much better. You block the manticore's attack.
The manticore barely misses you.
The manticore claws you but does no damage.
As you read the scroll of teleportation, it crumbles to dust.
You feel strangely unstable.
The manticore bites you but does no damage.
The manticore claws you.
* * * LOW HITPOINT WARNING * * *
The manticore barely misses you. Something hits you!!
You die...

#....# #...#
......# ##...#
.......####...##
............##
#..††....#
#..†.>..##
##......######
#...........###..
##......{@.....<.
#....)...H......
#.......##......
............H....
..................
...................
####....########...
##### ##.


You could see 2 manticores.

Vanquished Creatures
  A two-headed ogre (D:10)
  Pikel (D:5)
  The ghost of Fractals the Trooper, a novice DrWn of Okawaru (D:7)
  A gargoyle (D:10)
  Prince Ribbit (D:8)
  A troll (D:9)
  Sigmund (D:2)
  A wyvern (D:9)
  A basilisk (D:9)
  8 yaks
  2 steam dragons (D:7)
  4 vampire mosquitoes (D:10)
  Menkaure (D:6)
  2 water moccasins
  3 orc warriors
  A black bear (D:5)
  4 ice beasts
  An ogre (D:5)
  A centaur (D:5)
  4 phantoms
  2 lemures (D:5)
  4 kobold brigands
  6 scorpions
  5 bullfrogs
  A necrophage (D:7)
  2 water moccasin zombies (D:6)
  18 killer bees
  5 howler monkeys
  A vampire bat (D:3)
  2 bullfrog zombies (D:6)
  2 centaur zombies (D:6)
  8 hounds
  A jelly (D:6)
  A centaur skeleton (D:6)
  4 orc priests
  A bullfrog skeleton (D:6)
  Crazy Yiuf (D:6)
  Natasha (thrice) (D:2)
  4 orc wizards
  8 iguanas
  A howler monkey zombie (D:6)
  Robin (D:2)
  13 adders
  5 gnolls
  A river rat (D:6)
  5 white imps
  2 ufetubi
  2 worms (D:2)
  23 orcs
  9 ball pythons
  11 endoplasms
  11 giant cockroaches
  13 goblins
  9 hobgoblins
  2 jackals (D:1)
  14 quokkas
  9 bats
  15 frilled lizards
  24 kobolds
  7 rats
296 creatures vanquished.

Notes
Turn   | Place    | Note
-------+----------+-------------------------------------------
     0 | D:1      | NinjaNoafa the Draconian Ice Elementalist began the quest
                  | for the Orb.
     0 | D:1      | Reached XP level 1. HP: 14/14 MP: 3/3
   299 | D:1      | Reached XP level 2. HP: 20/20 MP: 3/5
  1078 | D:2      | Identified a scroll of acquirement
  1080 | D:2      | Acquired the +2 hat of Life {rN+ MP+9}
  1092 | D:2      | Reached XP level 3. HP: 24/26 MP: 2/7
  1252 | D:2      | Noticed Sigmund
  1273 | D:2      | Killed Sigmund
  1274 | D:2      | Reached XP level 4. HP: 33/33 MP: 5/8
  1274 | D:2      | Reached XP level 5. HP: 38/38 MP: 5/9
  1402 | D:2      | Learned a level 3 spell: Frozen Ramparts
  1406 | D:2      | Learned a level 3 spell: Ozocubu's Armour
  1457 | D:2      | Noticed Natasha
  1470 | D:2      | Killed Natasha
  1711 | D:2      | Noticed Natasha
  1724 | D:2      | Killed Natasha
  1750 | D:2      | Noticed Robin
  1761 | D:2      | Killed Robin
  1762 | D:2      | Reached XP level 6. HP: 45/45 MP: 10/10
  1838 | D:2      | Noticed Natasha
  1849 | D:2      | Killed Natasha
  2832 | D:3      | Found a basalt altar of Yredelemnul.
  2833 | D:3      | Found an iron altar of Okawaru.
  2833 | D:3      | Found a hide-covered altar of Uskayaw.
  2833 | D:3      | Found a shadowy altar of Dithmenos.
  2837 | D:3      | Found a radiant altar of Vehumet.
  2842 | D:3      | Found a broken altar of Ashenzari.
  2854 | D:3      | Became a worshipper of Vehumet
  2985 | D:3      | Reached skill level 1 in Conjurations
  3605 | D:4      | Reached skill level 1 in Shields
  3703 | D:4      | Found the amulet of the Four Winds {rN+ Will+++ Clar}
  4507 | D:5      | Entered Level 5 of the Dungeon
  4547 | D:5      | Found a staircase to the Ecumenical Temple.
  4568 | Temple   | Entered the Ecumenical Temple
  4924 | D:5      | Noticed a water moccasin
  4930 | D:5      | Your scales start taking on a golden yellow colour.
  4930 | D:5      | Reached XP level 7. HP: 49/50 MP: 11/11
  4930 | D:5      | Gained mutation: You are resistant to acid. (rCorr) [Yellow
                  | Draconian growth]
  5219 | D:5      | Reached skill level 5 in Shields
  5526 | D:5      | Reached XP level 8. HP: 57/57 MP: 12/12
  5659 | D:5      | Noticed Pikel
  5683 | D:5      | Killed Pikel
  5709 | D:5      | Reached skill level 1 in Evocations
  5850 | D:5      | Gained mutation: Your mind is acute. (Int +4, Str/Dex -1)
                  | [potion of mutation]
  5850 | D:5      | Gained mutation: Your system is resistant to poisons.
                  | (rPois) [potion of mutation]
  5850 | D:5      | Gained mutation: Your muscles are strong. (Str +4, Int/Dex
                  | -1) [potion of mutation]
  5885 | D:5      | Reached * piety under Vehumet
  5885 | D:5      | Offered knowledge of Shock by Vehumet.
  5918 | D:5      | Learned a level 1 spell: Shock
  6128 | D:5      | Identified the +4 dagger "Bozxosh" {venom, rPois rCorr
                  | Str-3 SInv}
  6425 | D:5      | Reached skill level 5 in Dodging
  6425 | D:5      | Reached XP level 9. HP: 55/62 MP: 13/13
  6833 | D:6      | Noticed Menkaure
  6850 | D:6      | Killed Menkaure
  6857 | D:6      | Reached skill level 5 in Stealth
  7081 | D:6      | Reached skill level 5 in Evocations
  7081 | D:6      | Reached skill level 1 in Air Magic
  7130 | D:6      | Found a glowing drain.
  7142 | Sewer    | Entered a sewer
  7229 | Sewer    | Offered knowledge of Sandblast by Vehumet.
  7253 | Sewer    | Reached ** piety under Vehumet
  7575 | Sewer    | Offered knowledge of Static Discharge by Vehumet.
  7792 | D:6      | Reached *** piety under Vehumet
  7828 | D:6      | Learned a level 2 spell: Static Discharge
  8295 | D:6      | Found a runed translucent door.
  8296 | D:6      | Noticed Crazy Yiuf
  8592 | D:6      | You fall into a shaft and drop 1 floor!
  9102 | D:7      | Offered knowledge of Conjure Flame by Vehumet.
  9103 | D:7      | Reached XP level 10. HP: 21/69 MP: 14/14
  9413 | D:7      | Found a large runed translucent door.
  9413 | D:7      | Found a large runed translucent door.
  9414 | D:7      | Noticed Fractals's ghost (novice DrWn)
  9460 | D:7      | Learned a level 3 spell: Call Canine Familiar
  9816 | D:7      | Killed Fractals's ghost
  9956 | D:8      | Reached skill level 5 in Spellcasting
  9961 | D:8      | Reached skill level 1 in Fire Magic
 10112 | D:8      | Reached skill level 5 in Conjurations
 10125 | D:8      | Reached skill level 5 in Air Magic
 10496 | D:8      | Reached **** piety under Vehumet
 10625 | D:8      | Noticed Prince Ribbit
 10637 | D:8      | Killed Prince Ribbit
 11062 | D:9      | Offered knowledge of Sticky Flame by Vehumet.
 11070 | D:9      | Reached skill level 5 in Fire Magic
 11168 | D:8      | Learned a level 4 spell: Sticky Flame
 11231 | D:9      | Identified the +6 long sword of Benevolence {vorpal, rN+
                  | Will+ SInv Stlth-}
 11671 | D:10     | Entered Level 10 of the Dungeon
 11860 | D:6      | Killed Crazy Yiuf
 11951 | D:10     | Noticed a gargoyle
 11957 | D:10     | Killed a gargoyle
 12090 | D:10     | Reached XP level 11. HP: 72/74 MP: 18/18
 12458 | D:10     | Found Umao's Tremendous Tomes.
 12532 | D:10     | Noticed a two-headed ogre
 12547 | D:10     | Killed a two-headed ogre
 13106 | D:11     | Noticed Erolcha
 13112 | D:11     | Identified the +10 quarterstaff "Qafeiz" {pain, rPois rCorr
                  | Str+7}
 13134 | D:11     | HP: 1/74 [something (20)]
 13136 | D:11     | Slain by Erolcha

Illustrated notes

Levels and vault maps discovered:
D:1:      minmay_arrival_stone_box, layout_basic, corexii_leaking_fountain
D:2:      layout_basic, minmay_tripent, uniq_sigmund, uniq_natasha, uniq_robin
D:3:      layout_loops_corners, minitemple, roderic_batcave,
          hangedman_decor_points, st_stairs_5
D:4:      layout_basic
D:5:      minmay_thinvault, layout_basic, minmay_temple_entry_ruins, uniq_pikel
D:6:      layout_gridville, portal_sewer_entry_a, serial_undead,
          serial_undead_c, serial_undead_a, serial_undead_a, serial_undead_d,
          lemuel_flame_loot_1, uniq_menkaure, uniq_crazy_yiuf_cottage
D:7:      layout_loops_corners, ebering_ghost_disaster_area, minmay_between
D:8:      layout_loops_ring, grunt_decor_clamped, uniq_prince_ribbit1
D:9:      layout_rooms, kennysheep_just_a_vault
D:10:     layout_loops_ring, nicolae_shop_i_like_big_books
D:11:     minmay_gate_of_8, layout_layer_cave, lair_entry_dummy,
          zombieorc2_lemuel, serial_shops, nicolae_shop_bloodbath_and_beyond,
          gammafunk_ghost_spectres, uniq_erolcha, uniq_lodul
Temple:   eino_temple_rhombus

Skill      XL: |  1  2  3  4  5  6  7  8  9 10 11 |
---------------+----------------------------------+-----
Spellcasting   | 3 5 |  5.0
Ice Magic      | 6 7 |  7.4
Conjurations   | 1 4 5 6 |  6.3
Shields        | 2 6 7 |  7.0
Dodging        | 5 |  5.0
Stealth        | 3 5 |  5.0
Evocations     | 2 5 |  5.0
Air Magic      | 4 5 6 |  6.3
Fire Magic     | 5 6 |  6.3

Action                   |  1- 3 |  4- 6 |  7- 9 | 10-12 || total
-------------------------+-------+-------+-------+-------++-------
Melee: Unarmed           |    11 |       |       |       ||    11
       Tailslap          |     2 |     5 |    40 |    14 ||    61
       Punch             |     1 |     1 |       |       ||     2
       Spear             |     2 |    45 |   211 |    46 ||   304
       Long sword        |       |       |       |    18 ||    18
       Staff             |       |       |       |    26 ||    26
 Cast: Freeze            |    50 |    23 |    91 |     9 ||   173
       Ozocubu's Armour  |       |    10 |    12 |     7 ||    29
       Frozen Ramparts   |       |    16 |    32 |    16 ||    64
       Shock             |       |       |    82 |    42 ||   124
       Static Discharge  |       |       |    20 |    31 ||    51
       Sticky Flame      |       |       |       |     5 ||     5
       Call Canine Famil |       |       |       |     1 ||     1
 Abil: Breathe Acid      |       |       |    14 |     6 ||    20
Evoke: Wand              |       |       |     1 |     1 ||     2
  Use: Potion            |     4 |       |     4 |     6 ||    14
       Scroll            |     5 |    10 |     3 |     9 ||    27
 Stab: Sleeping          |       |     1 |     1 |     2 ||     4
       Distracted        |       |       |     1 |       ||     1
Armor: Skin              |    22 |    25 |   223 |    69 ||   339
Dodge: Dodged            |    59 |    47 |   251 |    85 ||   442
Block: Kite shield       |       |    19 |   317 |   122 ||   458
